 Dungeon Crawl Stone Soup version 0.28.0-43-g3370ac3207 (webtiles) character file.

Game seed: 15566910467617480518

1973 xzight the Covered (level 9, -21/57 HPs)
             Began as a Gargoyle Fighter on Mar 13, 2022.
             Was an Initiate of Okawaru.
             Demolished by a boulder beetle (45 damage)
             ... on level 6 of the Dungeon.
             The game lasted 00:14:33 (6676 turns).

xzight the Covered (Gargoyle Fighter)               Turns: 6676, Time: 00:14:34

Health: -21/57     AC: 18    Str: 23    XL:     9   Next: 20%
Magic:  10/10      EV:  8    Int: 10    God:    Okawaru [......]
Gold:   341        SH:  5    Dex:  9    Spells: 8/8 levels left

rFire   + . .      SeeInvis .   a - +0 war axe
rCold   + . .      Faith    .   c - +0 buckler
rNeg    + . .      Spirit   .   f - +0 chain mail
rPois   ∞          Reflect  .   i - +0 helmet
rElec   +          Harm     .   s - scarf {rC+ rF+}
rCorr   .          Rampage  .   (no gloves)
Will    .....                   (no boots)
Stlth   ..........              (no amulet)
HPRegen 0.19/turn               (no ring)
MPRegen 0.12/turn               (no ring)

@: hasted, very quick
A: sickness immunity, AC +6, negative energy resistance 1, electricity
resistance, torment resistance 1, petrification resistance
a: Renounce Religion


You were on level 6 of the Dungeon.
You worshipped Okawaru.
Okawaru was noncommittal.
You visited 2 branches of the dungeon, and saw 8 of its levels.

You collected 341 gold pieces.


Innate Abilities, Weirdness & Mutations

You are immune to sickness and miasma.
Your stone body is resilient. (AC +6)
You are immune to poison.
You resist negative energy. (rN+)
You are resistant to electric shocks. (rElec)
You are resistant to unholy torment.
You are immune to petrification.


   Skills:
 + Level 7.0 Fighting
 * Level 5.8 Axes
 + Level 7.1 Armour
 + Level 7.0 Shields
 + Level 1.6 Invocations


You had 8 spell levels left.
You didn't know any spells.
Your spell library contained the following spells:

 Spells                   Type           Power      Damage    Failure   Level
 Foxfire                  Conj/Fire      0%         2x1d4     97%         1
 Ensorcelled Hibernation  Hex/Ice        0%         N/A       99%         2
 Passwall                 Tmut/Erth      0%         N/A       99%         2
 Conjure Flame            Conj/Fire      0%         6-21      100%        3
 Gell's Gravitas          Tloc           0%         N/A       100%        3
 Inner Flame              Hex/Fire       0%         N/A       100%        3
 Lesser Beckoning         Tloc           0%         N/A       100%        3
 Spider Form              Tmut/Pois      0%         N/A       100%        3
 Stone Arrow              Conj/Erth      0%         3d7       100%        3
 Swiftness                Air            0%         N/A       100%        3
 Teleport Other           Tloc           0%         N/A       100%        3
 Anguish                  Hex/Necr       0%         N/A       100%        4
 Flame Wave               Conj/Fire      0%         2d4       100%        4
 Lehudib's Crystal Spear  Conj/Erth      0%         10d2      100%        8
 Animate Armour           Summ/Erth      Unusable   N/A       N/A         4

Inventory:

Hand Weapons
 a - a +0 war axe (weapon)
Missiles
 r - 2 throwing nets (quivered) {=f}
Armour
 c - a +0 buckler (worn)
 f - a +0 chain mail (worn)
 i - a +0 helmet (worn)
 q - a +0 cloak
 s - a scarf of resistance (worn)
Wands
 k - a wand of acid (4)
Scrolls
 b - a scroll of fear {unknown}
 g - 3 scrolls of identify {@r1}
 j - 2 scrolls of teleportation {unknown}
 m - 2 scrolls of magic mapping {unknown}
 n - a scroll of blinking {unknown}
 o - a scroll of enchant armour {unknown}
Potions
 d - a potion of might
 e - 2 potions of haste {@q3}
 h - 2 potions of brilliance {unknown}
 l - 2 potions of mutation {unknown}
 p - a potion of curing {unknown}

Dungeon Overview and Level Annotations

Branches:
Dungeon (7/15)             Temple (1/1) D:6

Altars:
Ashenzari
Cheibriados
Dithmenos
Elyvilon
Fedhas
Gozag
Hepliaklqana
Kikubaaqudgha
Makhleb
Nemelex Xobeh
Okawaru
Qazlal
Sif Muna
Trog
Uskayaw
Vehumet
Wu Jian
Xom
Yredelemnul
Zin
The Shining One

Shops:
D:1 (*=

Annotations:
D:2 exclusion: downstairs

# ##### #.... #.#..
##### #..##
#>).###########...#
#...°°°°...........
#..B###########....
##@## ###.. #.# #.#
##.## #.# ##...###
#.# #..)...# #.#
##...#.# ##.#
##.##.# #..# ####.#
#..#
###.##########...


You could see a boulder beetle (rolling).


Message History

An iguana comes into view.
The boulder beetle hits you!
The boulder beetle stops rolling and uncurls.
You climb upwards.
There is a stone staircase leading down here.
You hit the boulder beetle.
The boulder beetle is lightly wounded.
The boulder beetle barely misses you.
You hit the boulder beetle but do no damage.
The boulder beetle is lightly wounded.
The boulder beetle bites you but does no damage. x2
You slash the boulder beetle!
The boulder beetle is lightly wounded.
The boulder beetle bites you but does no damage.
You hit the boulder beetle but do no damage.
The boulder beetle is lightly wounded.
The boulder beetle bites you.
You hit the boulder beetle but do no damage.
The boulder beetle is lightly wounded.
The boulder beetle bites you!
* * * LOW HITPOINT WARNING * * *
As you read the scroll labelled MURIUM BESU, it crumbles to dust.
It is a scroll of identify.
e - 3 potions of haste The boulder beetle leaps!
The boulder beetle curls into a ball and begins rolling!
You feel yourself speed up. The boulder beetle hits you!!!
Ouch! That really hurt!
You die...

Skill      XL: |  1  2  3  4  5  6  7  8  9 |
---------------+----------------------------+-----
Axes           | 2 3 4 5 |  5.8
Fighting       | 4 5 6 7 |  7.0
Armour         | 4 5 6 7 |  7.1
Shields        | 4 5 6 7 |  7.0
Invocations    | 1 |  1.6

Action                   |  1- 3 |  4- 6 |  7- 9 || total
-------------------------+-------+-------+-------++-------
Melee: War axe           |    92 |    99 |   239 ||   430
Evoke: Wand              |       |       |     3 ||     3
  Use: Potion            |       |     2 |     1 ||     3
       Scroll            |       |       |     1 ||     1
Armor: Scale mail        |    12 |       |       ||    12
       Chain mail        |    55 |    83 |   182 ||   320
Dodge: Dodged            |    34 |    45 |    78 ||   157
Block: Buckler           |    20 |    25 |    46 ||    91

Levels and vault maps discovered:
D:1:      erik_arrival_orb_chamber, layout_rooms, serial_shops,
          nicolae_square_shop, shop_statue, nicolae_shop_behind_doors, shop,
          serial_bayou_pond_d, hex_tiny
D:2:      layout_rooms, basic_altar, minmay_quadrilaterals
D:3:      layout_rooms
D:4:      layout_rooms, minmay_misc_feat_doors, uniq_edmund, uniq_blork_the_orc
D:5:      layout_gridville
D:6:      layout_loops_ring, minmay_temple_entry_drinking_statues, uniq_menkaure
D:7:      layout_cave_pools, nicolae_ru_the_path_less_chosen
Temple:   nicolae_temple_the_god_donut

Notes
Turn   | Place    | Note
-------+----------+-------------------------------------------
     0 | D:1      | xzight the Gargoyle Fighter began the quest for the Orb.
     0 | D:1      | Reached XP level 1. HP: 14/14 MP: 1/1
    70 | D:1      | Found Udeum's Assorted Antiques.
   109 | D:1      | Reached XP level 2. HP: 18/19 MP: 2/2
   128 | D:1      | Reached skill level 2 in Axes
   209 | D:1      | Found Gydghu's Antique Weapon Shop.
   377 | D:1      | Found Luahucaq's Jewellery Shop.
   450 | D:1      | Found Pubraz's Magic Scroll Boutique.
   694 | D:2      | Found a shimmering altar of Xom.
   759 | D:2      | Reached XP level 3. HP: 23/23 MP: 3/3
  1221 | D:3      | Noticed an orc warrior
  1284 | D:3      | Reached XP level 4. HP: 25/29 MP: 4/4
  1292 | D:3      | Reached skill level 4 in Fighting
  1292 | D:3      | Reached skill level 4 in Armour
  1469 | D:3      | Reached skill level 4 in Shields
  1624 | D:4      | Noticed a necrophage
  1643 | D:4      | Killed a necrophage
  1644 | D:4      | Reached skill level 3 in Axes
  1644 | D:4      | Reached XP level 5. HP: 29/34 MP: 5/5
  1792 | D:4      | Noticed Edmund
  1819 | D:4      | HP: 3/34 [Edmund/+1 flail of draining (2)]
  1820 | D:4      | Killed Edmund
  1821 | D:4      | Reached XP level 6. HP: 4/40 MP: 6/6
  2221 | D:4      | Noticed Blork the orc
  2230 | D:4      | Killed Blork the orc
  2231 | D:4      | Reached skill level 5 in Armour
  2369 | D:4      | Reached skill level 5 in Fighting
  2500 | D:4      | Noticed a black bear
  2521 | D:4      | Killed a black bear
  2522 | D:4      | Reached skill level 5 in Shields
  2522 | D:4      | Reached XP level 7. HP: 28/44 MP: 7/7
  2869 | D:5      | Entered Level 5 of the Dungeon
  2981 | D:4      | Reached skill level 4 in Axes
  3892 | D:5      | Reached XP level 8. HP: 49/51 MP: 8/8
  4310 | D:6      | Reached skill level 6 in Fighting
  4310 | D:6      | Reached skill level 6 in Armour
  4382 | D:6      | Reached skill level 6 in Shields
  4817 | D:6      | Noticed Menkaure
  4823 | D:6      | Killed Menkaure
  4824 | D:6      | Reached skill level 5 in Axes
  5489 | D:6      | Found a staircase to the Ecumenical Temple.
  5623 | Temple   | Entered the Ecumenical Temple
  5888 | Temple   | Became a worshipper of Warmaster Okawaru
  5912 | D:6      | Reached XP level 9. HP: 56/56 MP: 9/9
  5954 | D:6      | Identified a scarf of resistance
  6177 | D:7      | Reached skill level 1 in Invocations
  6229 | D:7      | Noticed a boulder beetle
  6418 | D:6      | Reached skill level 7 in Armour
  6597 | D:6      | Reached skill level 7 in Fighting
  6623 | D:6      | Reached skill level 7 in Shields
  6676 | D:6      | Demolished by a boulder beetle

Vanquished Creatures
  Menkaure (D:6)
  Edmund (D:4)
  2 sky beasts (D:6)
  A black bear (D:4)
  2 necrophages
  4 ogres
  2 ice beasts (D:6)
  Blork the orc (D:4)
  4 scorpions
  A hound (D:6)
  2 centaur skeletons
  3 iguanas (D:5)
  5 orc wizards
  A gnoll (D:7)
  A howler monkey skeleton (D:5)
  4 adders
  2 shadow imps
  A white imp (D:7)
  An ufetubus (D:7)
  2 adder skeletons
  2 dart slugs
  20 orcs
  3 bats
  6 endoplasms
  3 giant cockroaches
  4 goblins
  2 hobgoblins
  2 jackals (D:4)
  7 kobolds
  4 quokkas
  5 ball pythons
  4 frilled lizards
  3 rats
106 creatures vanquished.

Vanquished Creatures (others)
  A plant (D:1)
1 creature vanquished.

Grand Total: 107 creatures vanquished

Table legend: (Time is in decaauts)
 A = Elapsed time spent in this place.
 B = Non-inter-level travel time spent in this place.
 C = Inter-level travel time spent in this place.
 D = Time resting spent in this place.
 E = Time spent auto-exploring this place.
 F = Levels seen in this place.
 G = Mean time per level.
                   A        B        C        D        E       F      G
               +--------+--------+--------+--------+--------+-----+--------+
         Total |   6845 |   6616 |    229 |   2365 |   2568 |   8 |  855.6 |
       Dungeon |   6573 |   6350 |    223 |   2365 |   2337 |   7 |  939.0 |
        Temple |    271 |    265 |      6 |      0 |    231 |   1 |  271.0 |
               +--------+--------+--------+--------+--------+-----+--------+

Top non-repeatable levels by time:
     D:6: 1740 daAuts
     D:4: 1656 daAuts
     D:5: 1331 daAuts
     D:2: 658 daAuts
     D:3: 534 daAuts
     D:1: 525 daAuts
  Temple: 271 daAuts
     D:7: 126 daAuts

Table legend:
 A = Non-vault XP
 B = Vault XP
 C = Vault XP percentage of total XP
 D = Non-vault monster count
 E = Vault monster count
 F = Vault count percentage of total count
                 A         B        C        D         E       F
            +---------+---------+-------+---------+---------+-------
      Total |    2380 |     439 |  15.6 |     101 |       5 |   4.7
            +---------+---------+-------+---------+---------+-------
        D:1 |      20 |       0 |   0.0 |      13 |       0 |   0.0
        D:2 |      38 |       4 |   9.5 |      14 |       2 |  12.5
        D:3 |      78 |       0 |   0.0 |      19 |       0 |   0.0
        D:4 |     484 |     266 |  35.5 |      21 |       2 |   8.7
        D:5 |     482 |       0 |   0.0 |      16 |       0 |   0.0
        D:6 |    1207 |     169 |  12.3 |      14 |       1 |   6.7
        D:7 |      71 |       0 |   0.0 |       4 |       0 |   0.0
            +---------+---------+-------+---------+---------+-------
